 Dungeon Crawl Stone Soup version 0.29-a0-615-gdeedd76 (webtiles) character file.

Game seed: 3130789105347691779

5 Illumine the Cudgeller (level 2, -1/26 HPs)
             Began as a Meteoran Cinder Acolyte on June 17, 2022.
             Was a High Priest of Ignis.
             Slain by a gnoll
             ... wielding a +0 whip
              (6 damage)
             ... on level 2 of the Dungeon.
             The game lasted 00:01:25 (248 turns).

Illumine the Cudgeller (Meteoran Cinder Acolyte)     Turns: 248, Time: 00:01:26

Health: -1/26      AC:  2    Str: 15    XL:     2   Next: 5%
Magic:  5/5        EV: 11    Int: 15    God:    Ignis [*****.]
Gold:   18         SH:  0    Dex:  9    Spells: 2/4 levels left

rFire   + . .      SeeInvis .   a - -1 mace (flame)
rCold   . . .      Faith    .   (no shield)
rNeg    . . .      Spirit   .   b - +0 robe
rPois   .          Reflect  .   (no helmet)
rElec   .          Harm     .   (no cloak)
rCorr   .          Rampage  .   (no gloves)
Will    .....                   (no boots)
Stlth   +.........              (no amulet)
HPRegen 0.08/turn               (no ring)
MPRegen 0.09/turn               (no ring)

@: glowing
A: sense surroundings 1, otherworldly, glowing, explore regen
a: Renounce Religion, Fiery Armour, Foxfire Swarm, Rising Flame


You were on level 2 of the Dungeon.
You worshipped Ignis.
Ignis was extremely pleased with you.
You visited 1 branch of the dungeon, and saw 3 of its levels.

You collected 18 gold pieces.

Inventory:

Hand Weapons
 a - a -1 mace of flaming (weapon)
Armour
 b - a +0 robe (worn)
Scrolls
 c - a scroll of poison {unknown}
 d - a scroll of fog {unknown}
 e - a scroll of blinking {unknown}
 f - a scroll of magic mapping {unknown}
Potions
 g - a potion of brilliance {unknown}


   Skills:
 + Level 3.3 Fighting
 + Level 4.1 Maces & Flails
 + Level 1.6 Spellcasting
 + Level 3.7 Fire Magic


You had 2 spell levels left.
You knew the following spells:

 Your Spells              Type           Power      Damage    Failure   Level
a - Scorch                Fire           24%        2d6       8%          2

Your spell library contained the following spells:

 Spells                   Type           Power      Damage    Failure   Level
 Animate Dead             Necr           1%         N/A       93%         4
 Haunt                    Necr/Summ      0%         N/A       100%        7
 Infestation              Necr           0%         N/A       100%        8


Dungeon Overview and Level Annotations

Branches:
Dungeon (3/15) Zot: 1548

Altars:


Innate Abilities, Weirdness & Mutations

You passively map a small area around you.
You are easily found by Zot.
You glow in the dark.
You regain HP and MP as you explore.


Message History

Memorise Scorch, consuming 2 spell levels and leaving 2?
You start memorising the spell.
You continue memorising. x2
You finish memorising.
Spell assigned to 'a'.
e - a scroll labelled XUACEUMUTU A goblin comes into view.
It is wielding a +0 club.
Found 15 gold pieces.
The goblin shouts!
Found a scroll labelled XEUPTA SAYLASA.
You hit the goblin but do no damage. The goblin hits you with a +0 club.
You hit the goblin. You burn the goblin.
You kill the goblin!
Things that are here:
a +0 club; a goblin corpse You now have 18 gold pieces (gained 15).
f - a scroll labelled XEUPTA SAYLASA
Found a stone staircase leading down.
Found a brown potion.
g - a brown potion
There is a stone staircase leading down here.
You climb downwards.
The gnoll shouts! x3
There is a stone staircase leading up here.
The bat hits you but does no damage. The bat hits you but does no damage.
The gnoll hits you with a +0 whip.
You climb upwards.
There is a stone staircase leading down here.
Unknown command.
You hit the gnoll but do no damage. The gnoll hits you with a +0 whip!
You barely miss the gnoll. The gnoll hits you with a +0 whip.
You sock the gnoll! You burn the gnoll.
The gnoll is severely wounded.
The gnoll hits you with a +0 whip!
* * * LOW HITPOINT WARNING * * *
You closely miss the gnoll.
The gnoll is severely wounded.
The gnoll barely misses you.
You barely miss the gnoll.
The gnoll is severely wounded.
The gnoll hits you with a +0 whip.
You die...

* , ,,#.# #...# * ,* *
*#.# #<..# #.#
#####)..## ,* #####.#
#........# *, #.....#
#.####.#.# * * #..####
###.#.# #.#####...## *
#...... #..........#
#.##.#.#.. #######.g@##
#.##.#)### * ######..##
#.##....## , ,........#
#.##.....# , ,
.###.##.# #.#....... *
#. #.# #........#
#.##.########.......##
,
*#..................##
.....##.######.##.....#
, #### #.# #.##.....#


You could see a gnoll.

Vanquished Creatures
  2 goblins
  A hobgoblin (D:1)
  A frilled lizard (D:2)
  2 kobolds
6 creatures vanquished.

Notes
Turn   | Place    | Note
-------+----------+-------------------------------------------
     0 | D:1      | Illumine the Meteoran Cinder Acolyte began the quest for
                  | the Orb.
     0 | D:1      | Reached XP level 1. HP: 19/19 MP: 3/3
   174 | D:2      | Reached XP level 2. HP: 26/26 MP: 5/5
   177 | D:2      | Learned a level 2 spell: Scorch
   248 | D:2      | Slain by a gnoll

Illustrated notes

Levels and vault maps discovered:
D:1:      arrival_zaba_pyramid, layout_basic, nrook_mini_vaults,
          serial_bayou_pond_d, minmay_tromino_mix6
D:2:      layout_loops_ring, ebering_ecumenical_altar_box, basic_altar,
          minmay_misc_feat_square
D:3:      layout_basic, grunt_decor_mini_mirrors, minmay_misc_feat_nine_boxes,
          minmay_quadrilaterals

Action                   || total
-------------------------++-------
Melee: Mace              ||    14
Armor: Robe              ||     2
Dodge: Dodged            ||     3

Table legend: (Time is in decaauts)
 A = Elapsed time spent in this place.
 B = Non-inter-level travel time spent in this place.
 C = Inter-level travel time spent in this place.
 D = Time resting spent in this place.
 E = Time spent auto-exploring this place.
 F = Levels seen in this place.
 G = Mean time per level.
                   A        B        C        D        E       F      G
               +--------+--------+--------+--------+--------+-----+--------+
         Total |    250 |    250 |      0 |      0 |     33 |   3 |   83.3 |
       Dungeon |    250 |    250 |      0 |      0 |     33 |   3 |   83.3 |
               +--------+--------+--------+--------+--------+-----+--------+

Top non-repeatable levels by time:
     D:1: 168 daAuts
     D:2: 79 daAuts
     D:3: 2 daAuts
